AoeStats
← Rudy

Coastal Forest

510364103Analyzed
3v3 RM · 2d ago on Sep 30, 2026· 66m 41s· 6 players
Game mode
Random Map
Map size
Normal (6 player)
Population
200
Speed
Normal
Resources
Standard
Victory
Conquest
Starting age
Dark Age
Ending age
Imperial Age
RankedLock teamsTeams togetherTeam positionsShared explorationLock speedFull tech treeHidden civsTurbo modeCheats
Victory
Defeat
🇹🇷 Magyars · Türkiye
1206
+9
🇹🇷 Sicilians · Türkiye
1154
+11
🇹🇷 Persians · Türkiye
877
+21
🇩🇰 Saxons · Denmark
1066
-15
🇩🇰 Franks · Denmark
1046
-14
🇩🇰 Lithuanians · Denmark
982
-12
TheLegendOfFissan
10:37 Feudal Age
9:18 Loom
14:22 Castle Age
14:22 Double-Bit Axe
18:10 Bow Saw
19:53 Fletching
20:57 Horse Collar
21:24 Gold Mining
24:21 Bodkin Arrow
29:34 Wheelbarrow
30:16 Gold Shaft Mining
30:00 Padded Archer Armor
31:13 Pikeman
32:43 Hand Cart
33:35 Squires
34:57 Ballistics
38:17 Imperial Age
37:00 Leather Archer Armor
36:46 Scale Mail Armor
36:57 Forging
37:37 Stone Mining
38:51 Chain Mail Armor
39:19 Conscription
39:08 Gambesons
39:06 Halberdier
39:31 Arson
39:58 Elite Skirmisher
41:48 Chemistry
41:05 Heavy Mounted Crossbowman
43:18 Thumb Ring
42:34 Cranequins
43:16 Bracer
43:47 Ring Archer Armor
43:47 Plate Mail Armor
44:07 Heavy Plow
43:54 Town Watch
45:26 Iron Casting
49:49 Shield Wall
52:44 Scale Barding Armor
Rudy
7:09 Loom
10:04 Feudal Age
14:29 Double-Bit Axe
16:00 Wheelbarrow
18:55 Scale Barding Armor
19:00 Forging
23:20 Castle Age
22:30 Scale Mail Armor
23:45 Pikeman
24:26 Squires
25:15 Chain Mail Armor
27:05 Hand Cart
27:51 Iron Casting
27:17 Town Watch
28:52 Husbandry
31:18 Fletching
33:07 Town Patrol
37:55 Bow Saw
40:31 Chain Barding Armor
42:32 Gold Mining
42:39 Stone Mining
43:19 Bodkin Arrow
45:42 Fortified Wall
45:27 Murder Holes
45:53 Ballistics
45:14 Treadmill Crane
45:44 Masonry
48:06 Imperial Age
48:01 Gold Shaft Mining
48:11 Halberdier
49:26 Plate Mail Armor
49:56 Blast Furnace
51:01 Chemistry
50:07 Siege Engineers
50:33 Architecture
51:39 Plate Barding Armor
52:35 Careening
52:37 Clinker Construction
54:12 Light Cavalry
55:10 Herbal Medicine
56:44 Conscription
57:01 Hoardings
56:29 Chivalry
60:11 Padded Archer Armor
Sikkerhimovic
10:29 Feudal Age
13:40 Loom
19:47 Castle Age
18:59 Double-Bit Axe
19:00 Horse Collar
19:38 Scale Barding Armor
19:44 Forging
22:06 Bow Saw
25:25 Bloodlines
25:57 Husbandry
25:52 Fletching
28:58 Wheelbarrow
30:23 Pikeman
31:54 Stone Mining
31:59 Gold Mining
33:51 Hand Cart
36:34 Chain Barding Armor
36:50 Iron Casting
36:11 Bodkin Arrow
36:59 Hill Forts
40:03 Heavy Plow
40:41 Stone Shaft Mining
44:43 Imperial Age
46:15 Plate Barding Armor
46:14 Scale Mail Armor
47:04 Conscription
50:37 Bracer
50:40 Halberdier
55:44 Elite Leitis
Crucio
11:05 Feudal Age
14:57 Castle Age
13:44 Scale Barding Armor
14:51 Double-Bit Axe
16:12 Horse Collar
15:57 Light Cavalry
21:39 Chain Barding Armor
23:10 Bloodlines
23:01 Husbandry
24:06 Gold Mining
25:37 Fishing Lines
26:56 Gillnets
28:37 Wheelbarrow
32:18 Hand Cart
36:05 Stone Mining
37:01 Bow Saw
37:29 Gold Shaft Mining
39:46 Imperial Age
39:56 Ballistics
40:13 Corvinian Army
41:11 Plate Barding Armor
40:15 Hussar
41:20 Conscription
40:32 Elite Magyar Huszar
42:02 Padded Archer Armor
41:52 Fletching
50:01 Leather Archer Armor
49:41 Bodkin Arrow
49:49 Heavy Cavalry Archer
50:54 Parthian Tactics
50:36 Thumb Ring
51:38 Chemistry
55:16 Ring Archer Armor
54:47 Bracer
55:01 Recurve Bow
56:15 Two-Man Saw
56:35 Cavalier
56:39 Pikeman
58:17 Medium Warships
FİCİGETO
10:55 Feudal Age
12:48 Double-Bit Axe
12:45 Horse Collar
23:18 Wheelbarrow
22:45 Gold Mining
22:46 Stone Mining
23:38 Forging
23:28 Scale Mail Armor
26:06 Castle Age
24:59 Arson
25:21 Scale Barding Armor
26:12 Bloodlines
27:23 Heavy Plow
27:44 Husbandry
28:33 Bow Saw
29:10 Gold Shaft Mining
28:26 Stone Mining
31:06 Stone Shaft Mining
31:40 Iron Casting
31:20 Chain Mail Armor
31:46 Iron Casting
30:47 Pikeman
32:52 Chain Mail Armor
32:42 Squires
32:27 Gambesons
34:14 Chain Barding Armor
34:56 Hand Cart
41:22 Imperial Age
40:33 First Crusade
44:04 Crop Rotation
43:01 Cavalier
46:10 Conscription
46:02 Hauberk
51:17 Halberdier
57:57 Siege Engineers
SleePWalkeR
14:02 Feudal Age
12:38 Loom
18:19 Castle Age
16:42 Scale Barding Armor
16:48 Forging
18:07 Double-Bit Axe
19:06 Husbandry
22:58 Iron Casting
31:28 Chain Barding Armor
31:23 Bow Saw
30:57 Horse Collar
31:54 Gold Mining
32:24 Scale Mail Armor
32:30 Devotion
35:12 Imperial Age
33:23 Wheelbarrow
36:58 Plate Barding Armor
36:49 Conscription
38:41 Blast Furnace
38:12 Elite War Elephant
45:58 Caravan
47:53 Chemistry
54:53 Cavalier
64:15 Faith
Connection lost

Rejoining the realm…

Still unreachable

The connection could not be restored.

Session expired

The server has moved on; the page needs a fresh start.